AoeStats
← arthur

African Clearing

504484998Analyzed
2v2 RM · 27d ago on Sep 5, 2026· 35m 51s· 4 players
Game mode
Random Map
Map size
Medium (4 player)
Population
200
Speed
Normal
Resources
Standard
Victory
Conquest
Starting age
Dark Age
Ending age
Imperial Age
RankedLock teamsTeams togetherTeam positionsShared explorationLock speedFull tech treeHidden civsTurbo modeCheats
Victory
Defeat
🇹🇷 Maya · Türkiye
1491
+13
🇹🇷 Sicilians · Türkiye
1446
+15
🇩🇪 Georgians · Germany
1424
-14
🇫🇷 Italians · France
1414
-14
manfred_da_pig
11:11 Loom
13:15 Feudal Age
17:15 Castle Age
15:38 Double-Bit Axe
16:39 Scale Barding Armor
17:18 Bloodlines
18:32 Bow Saw
18:52 Horse Collar
22:32 Town Watch
23:39 Town Watch
26:31 Chain Barding Armor
27:32 Husbandry
30:19 Wheelbarrow
32:10 Town Patrol
32:29 Hand Cart
33:31 Town Patrol
38:33 Imperial Age
arthur
10:32 Loom
12:37 Feudal Age
13:39 Man-at-Arms
14:40 Double-Bit Axe
15:15 Scale Mail Armor
19:41 Castle Age
17:35 Arson
18:16 Gold Mining
19:57 Long Swordsman
20:39 Squires
23:09 Pikeman
23:58 Horse Collar
24:53 Heavy Plow
25:09 Bow Saw
30:49 Wheelbarrow
32:15 Forging
32:51 Fletching
33:22 Padded Archer Armor
36:47 Imperial Age
34:45 Ballistics
TAKAROF
2:55 Loom
12:36 Feudal Age
16:19 Castle Age
14:21 Double-Bit Axe
15:32 Scale Mail Armor
16:08 Gold Mining
17:17 Forging
21:54 Bow Saw
21:29 Horse Collar
22:48 Heavy Plow
23:35 Wheelbarrow
23:11 Pikeman
24:49 Squires
28:10 Hand Cart
28:24 Eagle Warrior
31:39 Iron Casting
30:57 Arson
33:06 Chain Mail Armor
36:51 Imperial Age
35:02 Town Watch
ayz1912
13:55 Feudal Age
17:29 Castle Age
16:04 Double-Bit Axe
16:34 Bloodlines
16:36 Forging
17:49 Scale Barding Armor
20:01 Bow Saw
19:57 Horse Collar
21:28 Heavy Plow
23:49 Wheelbarrow
23:56 Loom
24:52 Chain Barding Armor
25:56 Iron Casting
27:28 Husbandry
27:47 Scale Mail Armor
32:38 Town Watch
34:38 Chain Mail Armor
34:11 Gambesons
34:27 Squires
34:14 Arson
37:17 Imperial Age
34:43 Gold Mining
35:51 Fletching
Connection lost

Rejoining the realm…

Still unreachable

The connection could not be restored.

Session expired

The server has moved on; the page needs a fresh start.